 Dungeon Crawl Stone Soup version 0.27.1-34-g3ba077fa99 (webtiles) character file.

Game seed: 7582235465122847804

555 growler the Gusty (level 7, -1/36 HPs)
             Began as a Tengu Air Elementalist on Jan 27, 2022.
             Slain by a mummy (17 damage)
             ... in an ossuary.
             The game lasted 00:14:38 (5713 turns).

growler the Gusty (Tengu Air Elementalist)          Turns: 5713, Time: 00:14:39

Health: -1/36      AC:  3    Str:  8    XL:     7   Next: 30%
Magic:  6/14       EV: 14    Int: 18    God:
Gold:   250        SH:  0    Dex: 14    Spells: 4/14 levels left

rFire    . . .     SeeInvis .   (no weapon)
rCold    . . .     Faith    .   (no shield)
rNeg     . . .     Spirit   .   a - +0 robe
rPois    .         Reflect  .   (helmet restricted)
rElec    .         Harm     .   q - +0 cloak
rCorr    .         Rampage  .   (no gloves)
Will     .....                  (boots unavailable)
Stlth    ++........             (no amulet)
HPRegen  0.12/turn              (no ring)
MPRegen  0.14/turn              (no ring)

@: flying quickly and evasively, quick
A: beak, talons 3, nimble flight
a: no special abilities


You were in an ossuary.
You visited 1 branch of the dungeon, and saw 5 of its levels.
You also visited: Ossuary.

You collected 250 gold pieces.

Inventory:

Armour
 a - a +0 robe (worn)
 o - a +0 buckler
   (You found it on level 4 of the Dungeon)
 q - a +0 cloak (worn)
   (You found it on level 5 of the Dungeon)
Jewellery
 e - an amulet of regeneration
   (You found it on level 1 of the Dungeon)
Wands
 d - a wand of iceblast (10)
   (You found it on level 2 of the Dungeon)
Scrolls
 b - 4 scrolls of identify {unknown}
 f - a scroll of vulnerability {unknown}
 h - a scroll of amnesia {unknown}
 i - 2 scrolls of noise {unknown}
 k - a scroll of magic mapping {unknown}
 l - 2 scrolls of teleportation {unknown}
 m - a scroll of enchant weapon {unknown}
Potions
 c - a potion of heal wounds {@q2}
 g - a potion of berserk rage {unknown}
 j - 2 potions of resistance {unknown}
 n - a potion of curing {unknown}
 p - a potion of might {unknown}


   Skills:
 - Level 2.1 Dodging
 - Level 2.0 Stealth
 + Level 4.3 Spellcasting
 + Level 5.8 Conjurations
 + Level 6.9 Air Magic


You had 4 spell levels left.
You knew the following spells:

 Your Spells              Type           Power      Damage    Failure   Level
a - Shock                 Conj/Air       100%       1d9       1%          1
b - Airstrike             Air            14%        N/A       9%          4
d - Static Discharge      Conj/Air       26%        N/A       1%          2
s - Swiftness             Air            29%        N/A       2%          3

Your spell library contained the following spells:

 Spells                   Type           Power      Damage    Failure   Level
 Magic Dart               Conj           96%        1d7       1%          1
 Mephitic Cloud           Conj/Pois/Air  19%        N/A       8%          3
 Summon Small Mammal      Summ           12%        N/A       14%         1
 Call Imp                 Summ           3%         N/A       22%         2
 Slow                     Hex            3%         N/A       22%         2
 Call Canine Familiar     Summ           3%         N/A       38%         3
 Confusing Touch          Hex            3%         N/A       38%         3
 Summon Guardian Golem    Hex/Summ       3%         N/A       38%         3
 Yara's Violent Unravell  Hex/Tmut       1%         3d3       98%         5


Dungeon Overview and Level Annotations

Branches:
Dungeon (5/15)            Ossuary (1/1)
 Temple: D:4-7

Altars:

Shops:
D:1 ?   D:3 :   D:4 :*

Annotations:
D:2 Sigmund


Innate Abilities, Weirdness & Mutations

You have a beak for a mouth.
You have claws for feet.
Your magical nature lets you fly swiftly and evasively.


Message History

You are struck by an arc of lightning.
The mummy is struck by an arc of lightning.
You are struck by an arc of lightning.
The lightning grounds out.
The mummy closely misses you.
The mummy is struck by an arc of lightning.
You are struck by an arc of lightning.
The mummy is struck by an arc of lightning.
The lightning grounds out.
The mummy is struck by an arc of lightning!
You are struck by an arc of lightning.
The lightning grounds out.
The mummy barely misses you.
The mummy is struck by an arc of lightning.
You destroy the mummy!
You are struck by an arc of lightning.
The lightning grounds out.
You start resting.
An orc zombie is nearby!
You hit the orc zombie. The orc zombie misses you.
You hit the orc zombie. You claw the orc zombie. The orc zombie hits you.
You barely miss the orc zombie. You claw the orc zombie.
You destroy the orc zombie!
There is an empty arch of ancient stone here.
You start resting.
You start resting. 2 mummies come into view.
An orc zombie comes into view.
There is an empty arch of ancient stone here.
You hit the orc zombie but do no damage.
The orc zombie misses you.
You hit the orc zombie.
The orc zombie hits you but does no damage.
You hit the orc zombie but do no damage.
The orc zombie barely misses you.
You hit the orc zombie. You claw the orc zombie.
You peck the orc zombie, but do no damage.
The orc zombie is struck by an arc of lightning.
You destroy the orc zombie!
You are struck by an arc of lightning.
The lightning grounds out.
The mummy is struck by an arc of lightning!
The lightning grounds out.
The mummy is struck by an arc of lightning.
The lightning grounds out.
The mummy barely misses you. The mummy hits you!
Unknown command.
The mummy is struck by an arc of lightning. x2
The lightning grounds out.
The mummy is struck by an arc of lightning.
You are struck by an arc of lightning.
* * * LOW HITPOINT WARNING * * *
The mummy is struck by an arc of lightning.
The lightning grounds out.
The mummy hits you!
You die...

#....#
#....#
#....#
#....#
#....#
#....#
#....#
#.MM.#
#.∩@.#
######


You could see 2 mummies.

Vanquished Creatures
  An ice beast (D:5)
  A phantom (D:5)
  A bullfrog (D:4)
  A scorpion (D:4)
  A centaur zombie (D:5)
  A gnoll shaman (D:4)
  2 mummies (Ossuary)
  3 gnolls (D:4)
  4 adders
  An ufetubus (D:4)
  An adder skeleton (D:4)
  2 worms
  A dart slug (D:2)
  8 orcs
  4 bats
  7 endoplasms
  3 giant cockroaches
  2 gnoll zombies (Ossuary)
  11 goblins
  5 hobgoblins
  6 jackals
  8 kobolds
  A quokka (D:4)
  5 ball pythons
  A frilled lizard (D:1)
  A goblin zombie (D:5)
  2 hobgoblin zombies (Ossuary)
  4 orc zombies (Ossuary)
  8 rats
  A rat zombie (D:5)
97 creatures vanquished.

Notes
Turn   | Place    | Note
-------+----------+-------------------------------------------
     0 | D:1      | growler the Tengu Air Elementalist began the quest for the
                  | Orb.
     0 | D:1      | Reached XP level 1. HP: 10/10 MP: 4/4
   299 | D:1      | Reached XP level 2. HP: 15/15 MP: 4/6
   653 | D:1      | Found Necwyg's Magic Scroll Emporium.
   704 | D:1      | Learned a level 2 spell: Static Discharge
  1014 | D:1      | Reached XP level 3. HP: 19/19 MP: 2/7
  1244 | D:2      | Noticed Sigmund
  1259 | D:2      | Learned a level 3 spell: Swiftness
  2378 | D:3      | Reached XP level 4. HP: 24/24 MP: 6/9
  2539 | D:3      | Reached skill level 5 in Air Magic
  2833 | D:3      | Found Ytraef's Book Shop.
  3384 | D:4      | Noticed a bullfrog
  3425 | D:4      | Noticed a scorpion
  3427 | D:4      | Found Jabloapu's Book Shoppe.
  3429 | D:4      | Killed a scorpion
  3430 | D:4      | Gained mutation: Your magical nature lets you fly swiftly
                  | and evasively. [Tengu growth]
  3430 | D:4      | Reached XP level 5. HP: 21/28 MP: 6/10
  3452 | D:4      | Reached XP level 6. HP: 6/32 MP: 1/12
  3463 | D:3      | Learned a level 4 spell: Airstrike
  3907 | D:4      | Reached skill level 6 in Air Magic
  3998 | D:4      | Found Usituyng's Elemental Accessories.
  4729 | D:5      | Entered Level 5 of the Dungeon
  4749 | D:5      | Reached skill level 5 in Conjurations
  5095 | D:5      | Noticed an ice beast
  5098 | D:5      | Killed an ice beast
  5099 | D:5      | Reached XP level 7. HP: 36/36 MP: 1/14
  5300 | D:5      | Found a sand-covered staircase.
  5428 | Ossuary  | Entered an ossuary
  5713 | Ossuary  | Slain by a mummy

Illustrated notes

Levels and vault maps discovered:
D:1:      lightli_arrival_windingriver, layout_basic, serial_shops,
          nicolae_diamond_shop, minmay_vboxes
D:2:      layout_basic, uniq_sigmund
D:3:      layout_basic, serial_shops, nicolae_diamond_shop, st_stairs_5,
          grunt_ministairs_12
D:4:      layout_rooms, serial_shops, shop_fountains, nicolae_elemental_shop
D:5:      layout_cave_pods, fedhas_altar_2, enter_ossuary_4,
          chequers_serial_rivers_micro_a
Ossuary:  ossuary_tomb_3

Skill      XL: |  1  2  3  4  5  6 |
---------------+-------------------+-----
Conjurations   | 2 3 4 5 |  5.8
Air Magic      | 5 6 |  6.9
Spellcasting   | 3 4 |  4.3
Dodging        | |  2.1
Stealth        | |  2.0

Action                   |  1- 3 |  4- 6 |  7- 9 || total
-------------------------+-------+-------+-------++-------
Melee: Unarmed           |    36 |    39 |    12 ||    87
       Peck              |     5 |     2 |     2 ||     9
       Kick              |     9 |     7 |     5 ||    21
 Cast: Shock             |    65 |    33 |     6 ||   104
       Static Discharge  |     4 |    37 |    23 ||    64
       Airstrike         |       |     3 |       ||     3
Evoke: Wand              |       |     1 |       ||     1
 Stab: Sleeping          |     4 |     4 |       ||     8
Armor: Robe              |    23 |    11 |     3 ||    37
Dodge: Dodged            |    52 |    42 |    17 ||   111
